 Dungeon Sprint DCSS version 0.21.2 (webtiles) character file.

290 Fang the Fighter (level 6, 0/67 HPs)
             Began as a Gargoyle Berserker on Jan 10, 2019.
             Was a High Priest of Trog.
             Slain by a gnoll
             ... wielding a +0 halberd
              (4 damage)
             ... in the Dungeon (Sprint VII: "The Pits").
             The game lasted 00:00:44 (538 turns).

Fang the Fighter (Gargoyle Berserker)                Turns: 538, Time: 00:00:45

Health: 0/67       AC: 13    Str: 27    XL:     6   Next: 32%
Magic:  6/6        EV: 12    Int:  8    God:    Trog [*****.]
Gold:   0          SH:  0    Dex:  9    Spells: 5/5 levels left

rFire    . . .     SeeInvis .   j - +2 hand axe (freeze)
rCold    . . .     Gourm    .   (no shield)
rNeg     + . .     Faith    .   m - +3 ring mail
rPois    ∞         Spirit   .   (no helmet)
rElec    +         Reflect  .   (no cloak)
rCorr    .         Harm     .   (no gloves)
MR       .....     NoTele   +   (no boots)
Stlth    ..........             (no amulet)
HPRegen  0.21/turn              (no ring)
MPRegen  0.10/turn              (no ring)

@: berserking (expiring), very quick
A: negative energy resistance 1, electricity resistance, unbreathing,
petrification resistance, rot immunity, AC +4
a: Berserk, Trog's Hand, Brothers in Arms, Burn Spellbooks, Renounce Religion


You were in the Dungeon.
You worshipped Trog.
Trog was extremely pleased with you.
You were hungry.

You visited 1 branch

Inventory:

Hand Weapons
 j - a +2 hand axe of freezing (weapon)
Armour
 b - a +0 animal skin
 m - a +3 ring mail (worn)
Scrolls
 i - a scroll of blinking
 k - 3 scrolls of remove curse
 l - a scroll of summoning
Potions
 a - 2 potions of invisibility
 d - 6 potions of curing
 e - 6 potions of heal wounds
 f - a potion of haste
 g - 4 potions of magic
 h - 3 potions of berserk rage
Comestibles
 c - 9 rations


   Skills:
 + Level 8.8 Fighting
 + Level 7.9 Axes
 + Level 5.5 Armour
 + Level 3.9 Dodging


You had 5 spell levels left.
You didn't know any spells.

Dungeon Overview and Level Annotations

Branches:
Dungeon (1/1)

Altars:


Innate Abilities, Weirdness & Mutations

You are resistant to torment.
Your stone body is resilient. (AC +4)
You are immune to poison.
You resist negative energy. (rN+)
You are resistant to electric shocks. (rElec)
You can survive without breathing.
You are immune to petrification.
You are immune to rotting.


Message History

The gnoll closely misses you.
Items here: )) [ † a whip; a leather armour; a flail; a gnoll corpse You barely miss the gnoll.
The gnoll barely misses you.
The orc priest hits you but does no damage.
Unknown command.
The gnoll barely misses you. The gnoll hits you with a halberd!
* * * LOW HITPOINT WARNING * * *
Things that are here:
2 stones; a big kobold corpse You closely miss the orc priest.
You hit the gnoll. You freeze the gnoll.
The orc priest looks braver for a moment.
Unknown command.
You slash the orc priest! You freeze the orc priest.
The orc priest is heavily wounded.
You slash the gnoll! You freeze the gnoll.
You kill the gnoll!
Trog accepts your kill.
The gnoll hits you from afar with a halberd.
You die...

#.#..#####.##.......
#.#..[...#.##.......
#.#..)(..'.##.......
#.#.)########...<...
#.#..'[))).##.......
#.#..#.))).##.......
#'###########.......
#))))g..# ########
#.)@#...# #..o# ..#
#.##. .# #.. #. #
#.. .. #.. .. ## ###


You could see an orc priest and a gnoll.

Vanquished Creatures
  A big kobold (D)
  A quasit (D)
  A gnoll shaman (D)
  2 orc wizards (D)
  A worker ant (D)
  2 gnolls (D)
  A river rat (D)
  An ufetubus (D)
  An ooze (D)
  7 orcs (D)
  A bat skeleton (D)
  A goblin (D)
  2 jackals (D)
  A ball python zombie (D)
23 creatures vanquished.

Vanquished Creatures (others)
  An orc wizard (D)
1 creature vanquished.

Grand Total: 24 creatures vanquished

Notes
Turn   | Place    | Note
-------+----------+-------------------------------------------
     0 | D        | Fang the Gargoyle Berserker began the quest for the Orb.
     0 | D        | Reached XP level 1. HP: 14/14 MP: 1/1
    16 | D        | Reached skill level 4 in Fighting
    56 | D        | Reached ** piety under Trog
    56 | D        | Reached XP level 2. HP: 20/20 MP: 2/2
    81 | D        | Reached *** piety under Trog
    84 | D        | Reached skill level 5 in Fighting
    84 | D        | Reached XP level 3. HP: 7/27 MP: 3/3
    84 | D        | HP: 1/40 [orc/trident (6)]
    86 | D        | Reached **** piety under Trog
    88 | D        | Received a gift from Trog
    93 | D        | Reached skill level 6 in Fighting
    93 | D        | Reached skill level 5 in Axes
   517 | D        | Noticed a big kobold
   519 | D        | Reached XP level 4. HP: 32/32 MP: 4/4
   521 | D        | Reached skill level 7 in Fighting
   523 | D        | Reached XP level 5. HP: 38/38 MP: 5/5
   526 | D        | Reached ***** piety under Trog
   527 | D        | Received a gift from Trog
   529 | D        | Killed a big kobold
   529 | D        | Reached skill level 8 in Fighting
   529 | D        | Reached skill level 5 in Armour
   529 | D        | Reached XP level 6. HP: 31/45 MP: 6/6
   538 | D        | Slain by a gnoll

Skill      XL: |  1  2  3  4  5 |
---------------+----------------+-----
Fighting       | 4 5 6 7 8 |  8.8
Axes           | 3 4 5 6 7 |  7.9
Dodging        | 2 3 |  3.9
Armour         | 3 5 |  5.5

Action                   |  1- 3 |  4- 6 || total
-------------------------+-------+-------++-------
Melee: Hand axe          |    29 |    17 ||    46
Invok: Berserk           |     2 |       ||     2
Armor: Animal skin       |     8 |       ||     8
       Ring mail         |     1 |    26 ||    27
Dodge: Dodged            |    29 |    24 ||    53
